 Dungeon Crawl Stone Soup version 0.28-a0-691-gad6df49e81 (webtiles) character file.

Game seed: 15095639371117405916

403 porpoise the Magician (level 6, -2/32 HPs)
             Began as a Deep Elf Conjurer on Oct 23, 2021.
             Slain by Edmund (8 damage)
             ... on level 4 of the Dungeon.
             The game lasted 00:11:56 (3967 turns).

porpoise the Magician (Deep Elf Conjurer)           Turns: 3967, Time: 00:11:56

Health: -2/32      AC:  3    Str:  5    XL:     6   Next: 55%
Magic:  4/17       EV: 12    Int: 24    God:
Gold:   142        SH:  0    Dex: 13    Spells: 7/18 levels left

rFire   . . .      SeeInvis .   a - +2 dagger (venom)
rCold   . . .      Faith    .   (no shield)
rNeg    . . .      Spirit   .   f - +0 robe
rPois   .          Reflect  .   (no helmet)
rElec   .          Harm     .   (no cloak)
rCorr   .          Rampage  .   (no gloves)
Will    .....                   m - +0 pair of boots
Stlth   ++........              (no amulet)
HPRegen 0.10/turn               (no ring)
MPRegen 0.15/turn               (no ring)

@: no status effects
A: no striking features
a: no special abilities


You were on level 4 of the Dungeon.
You visited 1 branch of the dungeon, and saw 4 of its levels.

You collected 142 gold pieces.

Inventory:

Hand Weapons
 a - a +2 dagger of venom (weapon)
Missiles
 h - 46 stones
 q - 10 sling bullets
 u - 9 poisoned darts (quivered)
Armour
 c - a scarf of harm
 f - a +0 robe (worn)
 m - a +0 pair of boots (worn)
Wands
 s - a wand of mindburst (14)
Scrolls
 b - a scroll of enchant weapon {unknown}
 d - a scroll of fear {unknown}
 e - 2 scrolls of identify
 g - a scroll of blinking
 j - a scroll of amnesia
 k - a scroll of magic mapping {unknown}
 n - a scroll of enchant armour {unknown}
 o - a scroll of immolation {unknown}
 p - a scroll of summoning
 t - a scroll of brand weapon {unknown}
Potions
 i - a potion of invisibility
 l - a potion of ambrosia
 r - a potion of heal wounds {unknown}


   Skills:
 - Level 2.4 Dodging
 - Level 2.4 Stealth
 + Level 6.9 Spellcasting
 - Level 5.4 Conjurations
 + Level 4.8 Hexes


You had 7 spell levels left.
You knew the following spells:

 Your Spells              Type           Power      Damage    Failure   Level
a - Magic Dart            Conj           100%       1d8       1%          1
b - Searing Ray           Conj           68%        2d6       1%          2
c - Fulminant Prism       Conj/Hex       16%        3d11      9%          4
d - Iskenderun's Mystic   Conj/Tloc      21%        2d6       24%         4

Your spell library contained the following spells:

 Spells                   Type           Power      Damage    Failure   Level
 Dazzling Flash           Conj/Hex       66%        N/A       2%          3
 Ensorcelled Hibernation  Hex/Ice        38%        N/A       4%          2
 Spider Form              Tmut/Pois      4%         N/A       22%         3


Dungeon Overview and Level Annotations

Branches:
Dungeon (4/15)
 Temple: D:4-7

Altars:

Annotations:
D:4 Edmund


Message History

Edmund hits you with a +2 flail of protection!
The searing ray misses Edmund.
You finish channelling your searing ray.
Edmund hits you with a +2 flail of protection!
Casting: Searing Ray (safe; 1% risk of failure)
Confirm with . or Enter, or press ? or * to list all spells.
Aiming: Searing Ray (safe; 1% risk of failure)
Press: ? - help, Shift-Dir - straight line, f/p - Edmund
Aim: Edmund, wielding a +2 flail of protection and wearing a +1 chain mail of willpower (moderately wounded, poisoned, 86% to hit)
The searing ray hits Edmund!
Edmund is heavily wounded. (Press . to maintain the ray.) Edmund closely misses you.
The searing ray hits Edmund.
Edmund is severely wounded.
Edmund looks more healthy.
Edmund barely misses you.
The searing ray hits Edmund but does no damage.
Edmund is severely wounded.
Edmund hits you with a +2 flail of protection.
The searing ray hits Edmund but does no damage.
Edmund is severely wounded.
You finish channelling your searing ray.
Edmund completely misses you.
Casting: Searing Ray (safe; 1% risk of failure)
Confirm with . or Enter, or press ? or * to list all spells.
Aiming: Searing Ray (safe; 1% risk of failure)
Press: ? - help, Shift-Dir - straight line, f/p - Edmund
Aim: Edmund, wielding a +2 flail of protection and wearing a +1 chain mail of willpower (severely wounded, 86% to hit)
The searing ray hits Edmund.
Edmund is severely wounded. (Press . to maintain the ray.) Edmund hits you with a +2 flail of protection.
* * * LOW HITPOINT WARNING * * *
The searing ray hits Edmund but does no damage.
Edmund is severely wounded.
Edmund barely misses you.
The searing ray hits Edmund but does no damage.
Edmund is severely wounded.
Edmund hits you with a +2 flail of protection!
You die...

#.......# #.. ..≈..
#.......##########.. ...(
#.#).#........... ..@.
######.##.#.#########. ...
###............# #..... ...
#..............# #.#### #'#
#............<..... #...
#.########..........#..#######.##
.........(.....@@...............>
#.#######.......)#####..##.###.#.
#.# #........# ##.##.# #.#. #.#
#........# .##)# #.# #.#
#........# ..#.# ..# #.#
############## #.#.# ###
#.######### #.......# #.#.#
..........# #.......# #.#.#
..........####.......###...#


You could see Edmund.

Vanquished Creatures
  A black bear (D:4)
  An ogre (D:4)
  An orc priest (D:3)
  A hound (D:4)
  An orc wizard (D:4)
  A gnoll (D:2)
  4 adders
  An adder skeleton (D:4)
  2 worms
  5 dart slugs
  6 orcs
  3 ball pythons
  5 bats
  7 endoplasms
  7 giant cockroaches
  7 goblins
  2 hobgoblins (D:1)
  2 jackals (D:2)
  5 kobolds
  2 quokkas
  4 frilled lizards
  8 rats
76 creatures vanquished.

Vanquished Creatures (collateral kills)
  An adder skeleton (D:4)
  2 giant cockroaches (D:4)
  A hobgoblin (D:4)
4 creatures vanquished.

Grand Total: 80 creatures vanquished

Notes
Turn   | Place    | Note
-------+----------+-------------------------------------------
     0 | D:1      | porpoise the Deep Elf Conjurer began the quest for the Orb.
     0 | D:1      | Reached XP level 1. HP: 10/10 MP: 6/6
   218 | D:1      | Reached XP level 2. HP: 13/15 MP: 3/8
   264 | D:1      | Learned a level 2 spell: Searing Ray
   743 | D:1      | Reached skill level 4 in Spellcasting
   873 | D:1      | Reached skill level 5 in Conjurations
   873 | D:1      | Reached XP level 3. HP: 16/19 MP: 8/10
  1579 | D:2      | Reached XP level 4. HP: 24/24 MP: 8/12
  2045 | D:2      | Learned a level 4 spell: Fulminant Prism
  2050 | D:2      | Learned a level 4 spell: Iskenderun's Mystic Blast
  2448 | D:3      | Reached skill level 1 in Hexes
  2622 | D:3      | Found a faded altar of an unknown god.
  2625 | D:3      | Reached skill level 5 in Spellcasting
  3274 | D:4      | Reached XP level 5. HP: 28/28 MP: 14/14
  3534 | D:4      | Noticed a black bear
  3542 | D:4      | Killed a black bear
  3543 | D:4      | Reached skill level 6 in Spellcasting
  3543 | D:4      | Reached XP level 6. HP: 32/32 MP: 9/17
  3938 | D:4      | Noticed Edmund
  3967 | D:4      | Slain by Edmund

Illustrated notes

Levels and vault maps discovered:
D:1:      evilmike_arrival_crescent, layout_basic
D:2:      layout_basic, cheibrodos_gnoll_hut
D:3:      layout_basic, hellmonk_ecumenical_altar_leap_of_faith,
          minmay_door_square
D:4:      layout_basic, lightli_temple_of_fire, nicolae_elemental_shop,
          uniq_edmund

Skill      XL: |  1  2  3  4  5 |
---------------+----------------+-----
Spellcasting   | 4 5 6 |  6.9
Conjurations   | 5 |  5.4
Hexes          | 2 4 |  4.8
Dodging        | |  2.4
Stealth        | |  2.4

Action                   |  1- 3 |  4- 6 || total
-------------------------+-------+-------++-------
Melee: Dagger            |     1 |       ||     1
Throw: Dart              |       |     3 ||     3
 Cast: Magic Dart        |    64 |    17 ||    81
       Searing Ray       |     3 |    25 ||    28
  Use: Scroll            |       |     5 ||     5
Armor: Robe              |     1 |     2 ||     3
Dodge: Dodged            |     1 |    11 ||    12

Table legend: (Time is in decaauts)
 A = Elapsed time spent in this place.
 B = Non-inter-level travel time spent in this place.
 C = Inter-level travel time spent in this place.
 D = Time resting spent in this place.
 E = Time spent auto-exploring this place.
 F = Levels seen in this place.
 G = Mean time per level.
                   A        B        C        D        E       F      G
               +--------+--------+--------+--------+--------+-----+--------+
         Total |   3970 |   3911 |     59 |   1596 |   1872 |   4 |  992.5 |
       Dungeon |   3970 |   3911 |     59 |   1596 |   1872 |   4 |  992.5 |
               +--------+--------+--------+--------+--------+-----+--------+

Top non-repeatable levels by time:
     D:2: 1167 daAuts
     D:1: 1144 daAuts
     D:3: 945 daAuts
     D:4: 711 daAuts
